 Dungeon Crawl Stone Soup version 0.14-a0-2019-gd9bc7f0 (webtiles) character file.

228 Mitsuki the Covert (level 5, 0/25 HPs)
             Began as a Spriggan Assassin on Jan 19, 2014.
             Slain by an orc
             ... wielding a cursed -1,+0 orcish flail
              (8 damage)
             ... on Level 3 of the Dungeon.
             The game lasted 00:09:35 (1715 turns).

Mitsuki the Covert (Spriggan Assassin)              Turns: 1715, Time: 00:09:35

HP   0/25        AC  3     Str  8      XL: 5   Next:  1%
MP  10/10        EV 17     Int 13      God:
Gold 89          SH  0     Dex 17      Spells:  0 memorised,  4 levels left

rFire  . . .     SeeInvis +     a - +2 dagger
rCold  . . .     Clarity  .     c - +0 robe
rNeg   . . .     Conserve .     (shield restricted)
rPois  .         rCorr    .     (helmet restricted)
rElec  .         rRot     .     v - +0 cloak
SustAb + .       Spirit   .     (gloves unavailable)
rMut   .         Warding  .     (boots unavailable)
Saprov . . .     Stasis   .     (no amulet)
MR     .....                    (no ring)
                                k - ring of sustain abilities

@: very quick, not resistant to hostile enchantments, extremely stealthy
A: unfitting armour, see invisible, herbivore 3, speed 3, slow metabolism 2
a: no special abilities


You were on level 3 of the Dungeon.
You were not hungry.

You visited 1 branch of the dungeon, and saw 3 of its levels.

You collected 89 gold pieces.

Inventory:

Hand weapons
 a - a +2,+2 dagger (weapon)
 b - a +0 blowgun
 n - a +3,+0 elven short sword of protection
Missiles
 e - 14 poisoned needles
 f - 2 curare-tipped needles
Armour
 c - a +0 robe (worn)
 v - a +0 cloak (worn)
Magical devices
 s - a wand of enslavement (10)
Comestibles
 d - a cheese
 h - a choko
 p - 3 apples
Scrolls
 i - 3 scrolls of teleportation
 m - a scroll of identify
 o - 3 scrolls of remove curse {unknown}
 q - a scroll of curse weapon {unknown}
 r - a scroll of immolation {unknown}
Jewellery
 k - a ring of sustain abilities (left hand)
Potions
 g - a potion of porridge
 j - 4 potions of curing {unknown}
 l - 3 potions of restore abilities {unknown}
 t - a potion of heal wounds {unknown}
 u - a potion of poison {unknown}


   Skills:
 - Level 1.5 Fighting
 - Level 2.1 Short Blades
 - Level 2.1 Throwing
 - Level 1.5 Dodging
 + Level 9.6 Stealth
 - Level 0.4 Evocations


You had 4 spell levels left.
You didn't know any spells.

Dungeon Overview and Level Annotations

Branches:
Dungeon (3/16)

Altars:
Elyvilon

Annotations:
D:3 Purgy


Innate Abilities, Weirdness & Mutations

You are tiny and cannot use many weapons and most armour.
You have supernaturally acute eyesight.
You are a herbivore.
You cover ground extremely quickly.
You need consume almost no food.


Message History

The orc misses you.
You barely miss the orc.
The orc is almost dead.
The orc completely misses you. The orc misses you.
You closely miss the orc.
The orc is almost dead.
The orc barely misses you. The orc closely misses you.
You completely miss the orc.
The orc is almost dead.
The orc closely misses you. The orc barely misses you.
You closely miss the orc.
The orc is almost dead.
The orc misses you.
You hit the orc but do no damage.
The orc is almost dead.
The orc hits you with an orcish flail!
You closely miss the orc.
The orc is almost dead.
The orc closely misses you. The orc hits you with an orcish flail!
You die...

#.....# #.....# ####.##
#....# # #.#### # #.#
##### #####+#### ###'#####
....# #........###.......#
###.###.......oo@#.......#
# #...+........#o#.......#
# #####........#.'.......#
# #...<....###.......#
########## #.......#
#########


You could see 3 orcs.

Vanquished Creatures
  Ijyb (D:2)
  4 adders
  A giant mite (D:3)
  2 worms (D:2)
  A giant gecko (D:2)
  An orc (D:3)
  2 ball pythons (D:2)
  2 giant cockroaches
  8 goblins
  4 hobgoblins
  5 bats
  3 giant newts
  5 kobolds
  39 rats
78 creatures vanquished.

Notes
Turn   | Place    | Note
--------------------------------------------------------------
     0 | D:1      | Mitsuki, the Spriggan Assassin, began the quest for the Orb.
     0 | D:1      | Reached XP level 1. HP: 10/10 MP: 2/2
    46 | D:1      | Reached skill level 6 in Stealth
   412 | D:1      | Reached XP level 2. HP: 14/14 MP: 4/4
   566 | D:2      | Found a white marble altar of Elyvilon.
   618 | D:2      | Reached skill level 7 in Stealth
   819 | D:2      | Reached XP level 3. HP: 18/18 MP: 6/6
   927 | D:2      | Reached skill level 8 in Stealth
   985 | D:2      | Noticed Ijyb
   992 | D:2      | Killed Ijyb
   992 | D:2      | Reached XP level 4. HP: 22/22 MP: 8/8
  1247 | D:2      | Reached skill level 9 in Stealth
  1655 | D:3      | Noticed Purgy
  1661 | D:3      | Reached XP level 5. HP: 25/25 MP: 10/10
  1715 | D:3      | Slain by an orc

Action                   |  1- 3 |  4- 6 || total
-------------------------+-------+-------++-------
Melee: Dagger            |    37 |   119 ||   156
       Short sword       |    28 |       ||    28
 Fire: Blowgun           |    24 |       ||    24
Evoke: Wand              |       |     1 ||     1
  Use: Scroll            |     3 |     1 ||     4
 Stab: Sleeping          |     6 |    14 ||    20
       Distracted        |       |     2 ||     2
